 Dungeon Crawl Stone Soup version 0.18.1-50-g88ac8fd (webtiles) character file.

48 go0n the Sneak (level 3, 0/24 HPs)
             Began as an Octopode Assassin on Sept 17, 2016.
             Slain by Grinder (2 damage)
             ... on level 3 of the Dungeon.
             The game lasted 00:05:17 (2421 turns).

go0n the Sneak (Octopode Assassin)                  Turns: 2421, Time: 00:05:17

Health: 0/24       AC:  1    Str: 10    XL:     3   Next: 72%
Magic:  3/3        EV: 12    Int: 13    God:
Gold:   117        SH:  0    Dex: 14    Spells: 0 memorised, 2 levels left

rFire  + + .     SeeInvis .     a - +2 dagger
rCold  + + .     Gourm    .     (no shield)
rNeg   . . .     Faith    .     (helmet restricted)
rPois  +         Spirit   .     g - amulet of dismissal
rElec  +         Dismiss  +     l - ring of protection from fire
rCorr  +         Reflect  .     r - ring of protection from cold
SustAt .         Harm     .     (no ring)
MR     .....                    (no ring)
Stlth  +++++.....               (no ring)
                                (no ring)
                                (no ring)
                                (no ring)

@: resistant, not resistant to hostile enchantments, quite stealthy
A: almost no armour, amphibious, 8 rings, constrict 8, camouflage 1, gelatinous
body 1
a: no special abilities


You were on level 3 of the Dungeon.
You were not hungry.

You visited 1 branch of the dungeon, and saw 3 of its levels.

You collected 117 gold pieces.

Inventory:

Hand Weapons
 a - a +2 dagger (weapon)
 b - a +0 blowgun
 m - a +0 dagger
 n - a +0 dagger
Missiles
 c - 23 poisoned needles
 d - 10 curare-tipped needles
Armour
 k - a +2 shield
Jewellery
 g - an amulet of dismissal (around mantle)
 l - a ring of protection from fire (left tentacle)
 r - a ring of protection from cold (right tentacle)
Scrolls
 e - 2 scrolls of identify {unknown}
 h - 2 scrolls of enchant armour {unknown}
 i - 3 scrolls of remove curse {unknown}
 s - a scroll of fear {unknown}
Potions
 o - a potion of curing {unknown}
 q - a potion of heal wounds {unknown}
Books
 f - a book of Necromancy

   Spells                             Type                      Level
   a - Pain                           Necromancy                   1
   b - Animate Skeleton               Necromancy                   1
   c - Vampiric Draining              Necromancy                   3
   d - Regeneration                   Charms/Necromancy            3
   e - Animate Dead                   Necromancy                   4
   f - Control Undead                 Necromancy                   4
Comestibles
 p - a royal jelly
 t - a meat ration


   Skills:
 - Level 2.0 Fighting
 * Level 2.6 Short Blades
 - Level 2.0 Throwing
 + Level 1.6 Dodging
 + Level 6.4 Stealth


You had 2 spell levels left.
You didn't know any spells.

Dungeon Overview and Level Annotations

Branches:
Dungeon (3/15)

Altars:
Makhleb
Zin

Annotations:
D:3 Grinder


Innate Abilities, Weirdness & Mutations

You cannot wear most types of armour.
You are amphibious.
You can wear up to eight rings at the same time.
You can use your tentacles to constrict eight enemies at once.
Your skin changes colour to match your surroundings (Stealth).
Your rubbery body absorbs attacks (AC +1).


Message History

Grinder hits you.
You writhe in agony.
You hit Grinder.
Grinder is lightly wounded.
You constrict Grinder. Grinder hits you!
* * * LOW HITPOINT WARNING * * *
You writhe in agony. x2
You release your grip on Grinder.
Grinder gestures at you.
You barely resist.
Wield which item (- for none, * to show all)? (? for menu, Esc to quit)
Okay, then.
Drink which item? (? for menu, Esc to quit)
It was a potion of resistance.
You feel protected.
You barely miss Grinder. Your grab misses Grinder. Your squeeze misses Grinder.
Grinder is lightly wounded.
Grinder hits you.
* * * LOW HITPOINT WARNING * * *
You writhe in agony.
You die...

#.#.## ##.......#
#.##.###.####...#
#.#...#...# #
#.#.......#
#.#.......#
#.........# #
###.......#.#.#
#............#
#......@.#.#.#
#.####5###.# #.
#.###.# #.
#...ยง.# #######


You could see Grinder.

Vanquished Creatures
  An adder (D:2)
  2 worms
  A dart slug (D:1)
  A ball python (D:1)
  A bat (D:1)
  2 giant cockroaches
  3 goblins
  5 hobgoblins
  4 jackals
  2 kobolds
  8 rats
30 creatures vanquished.

Notes
Turn   | Place    | Note
--------------------------------------------------------------
     0 | D:1      | go0n the Octopode Assassin began the quest for the Orb.
     0 | D:1      | Reached XP level 1. HP: 14/14 MP: 1/1
   368 | D:1      | Reached XP level 2. HP: 19/19 MP: 2/2
   756 | D:1      | Reached skill level 6 in Stealth
  1104 | D:2      | Found a faded altar to an unknown god.
  1136 | D:2      | Reached XP level 3. HP: 11/24 MP: 3/3
  1392 | D:2      | Found a burning altar of Makhleb.
  1397 | D:2      | Found a glowing silver altar of Zin.
  1397 | D:2      | Noticed an angel
  1397 | D:2      | Noticed a balrug
  2233 | D:3      | Noticed a scorpion
  2413 | D:3      | Noticed Grinder
  2421 | D:3      | Slain by Grinder

Skill      XL: |  1  2 |
---------------+-------+-----
Stealth        | 6 |  6.4
Fighting       | |  2.0
Short Blades   | |  2.6
Throwing       | |  2.0
Dodging        | |  1.6

Action                   || total
-------------------------++-------
Melee: Dagger            ||    49
       Constrict         ||    11
       Tentacles         ||     5
  Use: Potion            ||     1
 Stab: Sleeping          ||    18
  Eat: Bread ration      ||     1
       Chunk             ||     1
Armor: Skin              ||     2
Dodge: Dodged            ||    10
Block: Shield            ||     1
